 Seeded DCSS version 0.30.0-29-ga12c61a403 (webtiles) character file.

Game seed: 18007716519941398942 (custom seed)

6 Dadbod the Shield-Bearer (level 2, 24/24 HPs)
             Began as a Formicid Fighter on June 5, 2023.
             Quit the game on level 1 of the Dungeon.
             The game lasted 00:00:57 (107 turns).

Dadbod the Shield-Bearer (Formicid Fighter)          Turns: 107, Time: 00:00:57

Health: 24/24      AC:  6    Str: 20    XL:     2   Next: 0%
Magic:  2/2        EV:  9    Int:  7    God:
Gold:   677        SH:  5    Dex: 13    Spells: 1/1 levels left

rFire   . . .        a - +0 war axe
rCold   . . .        c - +0 buckler
rNeg    . . .        b - +0 scale mail
rPois   .            (helmet unavailable)
rElec   .            (no cloak)
rCorr   .            (no gloves)
SInv    +            (no boots)
Will    .....        (no amulet) Stlth
                     (no ring)
HPRegen 0.24/turn    (no ring)
MPRegen 0.08/turn

%: no passive effects
@: no status effects
A: permanent stasis, dig shafts and tunnels, antennae 3, four strong arms
a: Dig, Shaft Self


You were on level 1 of the Dungeon.
You visited 1 branch of the dungeon, and saw 1 of its levels.

You collected 677 gold pieces.

Inventory:

Hand Weapons
 a - a +0 war axe (weapon)
Armour
 b - a +0 scale mail (worn)
 c - a +0 buckler (worn)
Magical Staves
 g - the staff of earth "Runuy" {rF++ rC+++ Int-5 Dex+2}
   (You acquired it on level 1 of the Dungeon)

   [staff of earth]

   Base accuracy: +5 Base damage: 5 Base attack delay: 1.2 This weapon's minimum
   attack delay (0.6) is reached at skill level 12.
   Int:       It affects your intelligence (-5).
   Dex:       It affects your dexterity (+2).
   rF:        It greatly protects you from fire.
   rC:        It renders you almost immune to cold.
   It falls into the 'Staves' category.
   It is a weapon for one hand-pair.
Scrolls
 f - a scroll of acquirement
Potions
 d - a potion of might
 e - a potion of berserk rage {unknown}


   Skills:
 + Level 3.4 Fighting
 + Level 2.0 Axes
 + Level 3.4 Armour
 + Level 4.2 Shields


You had one spell level left.
You didn't know any spells.
Your spell library was empty.

Dungeon Overview and Level Annotations

Branches:
Dungeon (1/15)

Altars:


Innate Abilities, Weirdness & Mutations

You cannot be hasted, slowed, berserked, paralysed or teleported.
You can dig through walls and to a lower floor.
You have a pair of large antennae on your head. (SInv)
Your four strong arms can wield two-handed weapons with a shield.


Message History

The hobgoblin is heavily wounded.
The hobgoblin barely misses you.
You hit the hobgoblin.
You kill the hobgoblin!
You see here a hobgoblin corpse.
You see here a hobgoblin corpse.
Found a long sword.
Found 2 lumpy sapphire potions.
Found a scroll labelled UNKIPPOYZU.
A goblin comes into view. It is wielding a +0 dagger.
You see here a scroll labelled UNKIPPOYZU.
You slash the goblin!
You kill the goblin!
Things that are here:
a +0 dagger; a goblin corpse An endoplasm and a frilled lizard come into view.
Found 3 scrolls labelled DICAOL JAOKK.
The endoplasm quivers.
The frilled lizard hisses angrily.
You slash the endoplasm!
You kill the endoplasm!
You closely miss the frilled lizard.
The frilled lizard bites you but does no damage.
The frilled lizard barely misses you.
You hit the frilled lizard but do no damage.
The frilled lizard bites you but does no damage.
You barely miss the frilled lizard.
The frilled lizard hisses.
The frilled lizard bites you. The frilled lizard closely misses you.
You slash the frilled lizard!
You kill the frilled lizard!
You have reached level 2!
f - 3 scrolls labelled DICAOL JAOKK This is a scroll of acquirement!
Something appears at your feet!
g - the staff of earth "Runuy" {rF++ rC+++ Int-5 Dex+2} Something appears at your feet!
You now have 677 gold pieces.
Unknown command.
Are you sure you want to abandon this character and quit the game? (Confirm with "yes".)

###..#.#####
............
..##.#.#####
.# #†#.# .
#.# # #.#
#.# #######
#.# #.....#
###.#####
#.# #@#
#......)#
#.# #.#
#.#.##.##
#.# #.#
#.#..#.#
##.###.#{ #
##.#.#
#..)...#
.#.#
#.?###.# {
.#.# #..#
#.# .#.#
#..# ### #.#
#..#


There were no monsters in sight!

Vanquished Creatures
  An endoplasm (D:1)
  A giant cockroach (D:1)
  A goblin (D:1)
  A hobgoblin (D:1)
  A frilled lizard (D:1)
5 creatures vanquished.

Notes
Turn   | Place    | Note
-------+----------+-------------------------------------------
     0 | D:1      | Dadbod the Formicid Fighter began the quest for the Orb.
     0 | D:1      | Reached XP level 1. HP: 18/18 MP: 1/1
    99 | D:1      | Reached XP level 2. HP: 23/24 MP: 2/2
   103 | D:1      | Identified 3 scrolls of acquirement
   103 | D:1      | Acquired the staff of earth "Runuy" {rF++ rC+++ Int-5
                  | Dex+2}
   105 | D:1      | Acquired 677 gold pieces
   107 | D:1      | Quit the game

Illustrated notes

Levels and vault maps discovered:
D:1:      psy_arrival_dodecagon, layout_basic,
          dreamdust_ecumenical_altar_sealed_demon

Action                     || total
---------------------------++-------
  Melee: War axe           ||     8
    Use: Scroll            ||     2
 Armour: Scale mail        ||     2
  Dodge: Dodged            ||     4
  Block: Buckler           ||     1
